 Dungeon Crawl Stone Soup version 0.22-a0-608-g8a62e23 (webtiles) character file.

6352 sking99 the Fortune-Teller (level 10, -11/83 HPs)
             Began as a Yellow Draconian Transmuter on July 9, 2018.
             Was a Believer of Nemelex Xobeh.
             Mangled by a large abomination (20 damage)
             ... on level 1 of the Abyss.
             The game lasted 00:26:02 (11161 turns).

sking99 the Fortune-Teller (DrTm)                  Turns: 11161, Time: 00:26:02

Health: -11/83     AC: 10    Str: 13      XL:     10   Next: 65%
Magic:  18/18      EV: 16    Int: 14      God:    Nemelex Xobeh [**....]
Gold:   479        SH:  0    Dex: 13 (14) Spells: 3/13 levels left

rFire    . . .     SeeInvis .     - Unarmed
rCold    + . .     Gourm    .   (no shield)
rNeg     . . .     Faith    +   (armour unavailable)
rPois    .         Spirit   .   m - +1 hat
rElec    .         Reflect  .   r - +0 cloak
rCorr    +         Harm     .   (no gloves)
MR       .....                  H - +0 pair of boots
Stlth    +.........             G - amulet of faith
HPRegen  0.23/turn              b - ring of protection from fire
MPRegen  0.16/turn              w - ring of ice

@: no status effects
A: spit acid, acid resistance, unfitting armour, cold-blooded, AC +7
a: Breathe Acid, Renounce Religion


You were on level 1 of the Abyss.
You worshipped Nemelex Xobeh.
Nemelex Xobeh was pleased with you.
You were not hungry.

You visited 1 branch of the dungeon, and saw 10 of its levels.
You visited the Abyss 1 time.

You collected 479 gold pieces.

Inventory:

Missiles
 a - 275 arrows (quivered)
Armour
 m - a +1 hat (worn)
 r - a +0 cloak (worn)
 H - a +0 pair of boots (worn)
Jewellery
 b - a ring of protection from fire (left hand)
 d - an uncursed ring of stealth
 k - a +2 amulet of reflection {unknown}
 w - a ring of ice (right hand)
 z - an uncursed amulet of rage
 G - an amulet of faith (around neck)
Wands
 i - a wand of paralysis (1)
 v - a wand of random effects (14)
 A - a wand of disintegration (8)
 F - a wand of polymorph (4)
Scrolls
 e - 2 scrolls of teleportation
 f - a scroll of magic mapping
 g - a scroll of immolation
 j - a scroll of amnesia
 o - 4 scrolls of remove curse
 s - a scroll of acquirement {unknown}
 y - a scroll of enchant armour
 C - 3 scrolls of identify
 D - a scroll of vulnerability {unknown}
Potions
 h - 2 potions of haste
 n - 2 potions of flight
 p - 4 potions of curing
 q - 2 potions of heal wounds
 t - a potion of resistance
 u - a potion of magic
 x - 5 potions of ambrosia
 E - a potion of might {unknown}
Miscellaneous
 l - a plain deck of destruction
 B - a plain deck of destruction {drawn: 6}
 I - a plain deck of escape {drawn: 5}
 J - a phial of floods (inert)
Comestibles
 c - 26 rations


   Skills:
 + Level 6.1 Fighting
 + Level 7.5 Dodging
 + Level 7.6 Unarmed Combat
 - Level 2.0 Spellcasting
 - Level 5.0 Transmutations
 + Level 10.7 Invocations


You had 3 spell levels left.
You knew the following spells:

 Your Spells              Type           Power        Failure   Level  Hunger
a - Beastly Appendage     Tmut           ###...       3%          1    ##.....
b - Sticks to Snakes      Tmut           ###.....     4%          2    ###....
c - Blink                 Tloc           N/A          34%         2    ###....
d - Blade Hands           Tmut           ###.......   63%         5    ######.

Your spell library contained the following spells:

 Spells                   Type           Power        Failure   Level  Hunger
 Magic Dart               Conj           #...         24%         1    ##.....
 Conjure Flame            Conj/Fire      #.......     56%         3    ####...
 Slow                     Hex            #.......     34%         2    ###....
 Mephitic Cloud           Conj/Pois/Air  #.......     56%         3    ####...
 Call Imp                 Summ           #.......     34%         2    ###....
 Spider Form              Tmut/Pois      #.........   26%         3    ####...
 Ice Form                 Ice/Tmut       ##......     63%         4    #####..


Dungeon Overview and Level Annotations

Branches:
Dungeon (10/15)            Temple (0/1) D:7
   Lair: D:8-11         Orc: D:9-12

Altars:
Ashenzari
Dithmenos
Makhleb
Nemelex Xobeh
Uskayaw
Wu Jian
Xom
Zin
The Shining One

Shops:
D:5 }   D:7 (


Innate Abilities, Weirdness & Mutations

You can spit globs of acid.
You are resistant to acid.
Your golden yellow scales are hard. (AC +7)
You cannot fit into any form of body armour.
You are cold-blooded and may be slowed by cold attacks.


Message History

The quasit closely misses you. x2
You barely miss the quasit.
The quasit is severely wounded.
The quasit bites you but does no damage.
The quasit claws you but does no damage. x2
You hit the quasit but do no damage.
The quasit is severely wounded.
The quasit closely misses you. The quasit barely misses you.
The quasit claws you but does no damage.
You punch the quasit!
You kill the quasit!
You punch the large abomination!
The large abomination is lightly damaged.
The large abomination hits you!!
* * * LOW HITPOINT WARNING * * *
The walls disappear prematurely!
The large abomination completely misses you.
The large abomination hits you!!
You die...
Your body glows slightly and disappears.

. #.... .# #
.....##..# .. ..
#..≈..##.##... .#.
........... . ...
..#.........
#.####.....%.... .#
.###.....#.#......
# #
#....#.......###...
.# . .. #...X@....#
...# #...#....#....
#.#...#.#.#.# %. #
#....##.#....
#...#..#.###.#.#
#.. #. . .. ####
#.. . ..####.# ..#
##..# #.# ###


You could see a large abomination.

Vanquished Creatures
  3 two-headed ogres
  Pikel (D:7)
  Prince Ribbit (D:8)
  A yak (D:4)
  A hungry ghost (D:8)
  A floating eye (D:9)
  A swamp drake (D:5)
  An orc warrior (D:7)
  An ice beast (D:6)
  A sky beast (D:8)
  3 phantoms
  2 ogres
  4 centaurs
  A big kobold (D:10)
  4 bullfrogs
  5 scorpions
  A water moccasin skeleton (D:4)
  3 howler monkeys
  2 bullfrog zombies
  7 crimson imps
  A quasit (Abyss:1)
  A centaur zombie (D:8)
  2 hounds
  A jelly (D:9)
  3 orc priests
  9 orc wizards
  2 bullfrog skeletons
  2 iguanas
  10 worker ants
  2 hound skeletons
  A worker ant zombie (D:7)
  8 adders
  4 oozes
  3 adder skeletons
  An adder zombie (D:8)
  2 worms
  2 dart slugs
  7 leopard geckos
  34 orcs
  2 ball pythons
  5 giant cockroaches
  14 goblins
  10 hobgoblins
  4 jackals (D:2)
  11 kobolds
  4 quokkas
  8 bats
  7 frilled lizards
  A leopard gecko skeleton (D:4)
  A quokka skeleton (D:9)
  8 rats
214 creatures vanquished.

Vanquished Creatures (collateral kills)
  4 orc wizards (D:9)
  An adder (D:2)
  2 orcs (D:9)
7 creatures vanquished.

Vanquished Creatures (others)
  A moth of wrath (D:5)
1 creature vanquished.

Grand Total: 222 creatures vanquished

Notes
Turn   | Place    | Note
-------+----------+-------------------------------------------
     0 | D:1      | sking99 the Draconian Transmuter began the quest for the Orb.
     0 | D:1      | Reached XP level 1. HP: 16/16 MP: 3/3
   189 | D:1      | Reached XP level 2. HP: 22/23 MP: 5/5
   203 | D:1      | Learned a level 2 spell: Sticks to Snakes
   505 | D:1      | Reached XP level 3. HP: 25/29 MP: 4/6
  1358 | D:2      | Reached XP level 4. HP: 33/36 MP: 7/7
  2576 | D:3      | Reached XP level 5. HP: 38/42 MP: 8/8
  2856 | D:3      | Found a sparkling altar of Nemelex Xobeh.
  2858 | D:3      | Found a shadowy altar of Dithmenos.
  2870 | D:3      | Became a worshipper of Nemelex Xobeh the Trickster
  2891 | D:3      | Received a gift from Nemelex Xobeh
  3208 | D:4      | Found a burning altar of Makhleb.
  3210 | D:4      | Noticed an ogre
  3223 | D:4      | Killed an ogre
  3223 | D:4      | Reached skill level 5 in Unarmed Combat
  3436 | D:4      | Reached XP level 6. HP: 26/51 MP: 9/9
  3813 | D:4      | Noticed a yak
  3835 | D:4      | HP: 1/51 [yak (11)]
  3845 | D:4      | Killed a yak
  3993 | D:4      | Your scales start taking on a golden yellow colour.
  3993 | D:4      | Reached XP level 7. HP: 59/59 MP: 10/10
  4455 | D:4      | Found a shimmering altar of Xom.
  4969 | D:5      | Entered Level 5 of the Dungeon
  5132 | D:5      | Reached skill level 5 in Fighting
  5132 | D:5      | Reached skill level 1 in Invocations
  5132 | D:5      | Reached XP level 8. HP: 57/68 MP: 11/11
  5148 | D:5      | Reached skill level 5 in Transmutations
  5335 | D:5      | Reached skill level 2 in Invocations
  5384 | D:5      | Reached skill level 3 in Invocations
  5759 | D:5      | Found Piom's Gadget Shoppe.
  5772 | D:5      | Noticed a two-headed ogre
  5776 | D:5      | Noticed a moth of wrath
  5776 | D:5      | a two-headed ogre changed into a moth of wrath
  5795 | D:5      | Killed a moth of wrath
  5795 | D:5      | Reached skill level 5 in Invocations
  5803 | D:5      | Reached skill level 6 in Invocations
  6697 | D:6      | Received a gift from Nemelex Xobeh
  6765 | D:6      | Reached skill level 7 in Invocations
  7102 | D:6      | Reached XP level 9. HP: 74/74 MP: 14/14
  7384 | D:7      | Reached * piety under Nemelex Xobeh
  7400 | D:7      | Found a staircase to the Ecumenical Temple.
  7458 | D:7      | Found a shattered altar of Ashenzari.
  7609 | D:7      | Found Naryser's Antique Weapon Boutique.
  7765 | D:7      | Found a glowing silver altar of Zin.
  7802 | D:7      | Found a glowing golden altar of the Shining One.
  7802 | D:7      | Noticed Pikel
  7811 | D:7      | Killed Pikel
  7811 | D:7      | Reached skill level 8 in Invocations
  8130 | D:8      | Noticed Prince Ribbit
  8139 | D:8      | Reached skill level 5 in Dodging
  8142 | D:8      | Killed Prince Ribbit
  8170 | D:8      | Noticed a two-headed ogre
  8186 | D:8      | Killed a two-headed ogre
  8186 | D:8      | Reached skill level 9 in Invocations
  8545 | D:8      | Reached XP level 10. HP: 38/81 MP: 12/17
  8677 | D:8      | Found a hide-covered altar of Uskayaw.
  9042 | D:8      | Found an ornate altar of the Wu Jian Council.
  9247 | D:8      | Received a gift from Nemelex Xobeh
  9280 | D:8      | Noticed a two-headed ogre
  9329 | D:8      | Killed a two-headed ogre
  9329 | D:8      | Reached skill level 10 in Invocations
  9674 | D:9      | Noticed a two-headed ogre
  9728 | D:8      | Learned a level 2 spell: Blink
  9734 | D:8      | Learned a level 5 spell: Blade Hands
  9810 | D:9      | a two-headed ogre changed into a floating eye
  9813 | D:9      | Paralysed by a floating eye for 3 turns
 10116 | D:9      | Reached ** piety under Nemelex Xobeh
 10211 | D:9      | HP: 3/82 [something/puff of flame (8)]
 10771 | D:9      | Noticed a two-headed ogre
 10787 | D:9      | Killed a two-headed ogre
 11083 | D:10     | Entered Level 10 of the Dungeon
 11110 | D:10     | Cast into level 1 of the Abyss (drawing a card)
 11110 | Abyss:1  | Received a gift from Nemelex Xobeh
 11110 | Abyss:1  | Noticed a large abomination
 11161 | Abyss:1  | Mangled by a large abomination

Vault maps used:
D:1:      mushboom_english_gardens
D:3:      grunt_temple_overflow_open, first_ration, hex_intersection
D:4:      cheibrodos_barr_body, lemuel_crystal_altar, led_xom_imps
D:5:      serial_shops, shop, water_maze_lemuel
D:7:      lemuel_coloured_pillars_altar, nicolae_overflow_crystal_walls,
          lemuel_doored_altar, serial_shops, kennysheep_mini, uniq_pikel
D:8:      lemuel_round_altar, eat_drink_and_be_merry_uskayaw, kennysheep_dice,
          uniq_prince_ribbit1
D:9:      grunt_ogre_cave
D:10:     erik_lair_dragon
Abyss:1:  hangedman_abyss_or_decor_jellyfish_corner

Skill      XL: |  1  2  3  4  5  6  7  8  9 10 |
---------------+-------------------------------+-----
Fighting       | 2 3 4 5 6 |  6.1
Unarmed Combat | 4 5 6 7 |  7.6
Transmutations | 3 4 5 |  5.0
Invocations    | 1 7 9 10 | 10.7
Dodging        | 3 6 7 |  7.5
Spellcasting   | |  2.0

Action                   |  1- 3 |  4- 6 |  7- 9 | 10-12 || total
-------------------------+-------+-------+-------+-------++-------
Melee: Unarmed           |   141 |   238 |   418 |   254 ||  1051
       Tailslap          |    15 |    24 |    51 |    31 ||   121
       Headbutt          |     1 |     5 |     9 |       ||    15
       Punch             |       |     4 |     8 |     5 ||    17
 Cast: Beastly Appendage |     3 |     4 |     3 |     1 ||    11
       Sticks to Snakes  |     2 |     5 |     4 |     8 ||    19
 Abil: Breathe Acid      |       |       |    12 |     7 ||    19
Evoke: Deck              |       |     5 |     8 |     9 ||    22
       Wand              |       |     5 |     1 |       ||     6
       Phial of floods   |       |       |       |     1 ||     1
  Use: Scroll            |       |    16 |     4 |     2 ||    22
       Potion            |       |     1 |     2 |     2 ||     5
 Stab: Sleeping          |     2 |       |       |     1 ||     3
       Distracted        |       |     1 |       |     2 ||     3
       Paralysed         |       |     8 |       |       ||     8
       Confused          |       |       |     1 |       ||     1
  Eat: Chunk             |     2 |     9 |    16 |    12 ||    39
       Ration            |       |       |       |     1 ||     1
Armor: Skin              |    38 |    91 |   117 |   104 ||   350
Dodge: Dodged            |    78 |   151 |   206 |   241 ||   676

Table legend:
 A = Spawn XP
 B = Non-spawn XP
 C = Spawn XP percentage of total XP
 D = Spawn monster count
 E = Non-spawn monster count
 F = Spawn count percentage of total count
 G = Total turns spent on level
                    A         B        C        D         E        F      G
               +---------+---------+-------+---------+---------+-------+---------
         Total |       0 |    9075 |   0.0 |       0 |     222 |   0.0 | 11161
               +---------+---------+-------+---------+---------+-------+---------
           D:1 |       0 |      54 |   0.0 |       0 |      28 |   0.0 |   740
           D:2 |       0 |      78 |   0.0 |       0 |      26 |   0.0 |  1153
           D:3 |       0 |      75 |   0.0 |       0 |      28 |   0.0 |  1292
           D:4 |       0 |    1036 |   0.0 |       0 |      40 |   0.0 |  1828
           D:5 |       0 |    1013 |   0.0 |       0 |      17 |   0.0 |  1581
           D:6 |       0 |     553 |   0.0 |       0 |       9 |   0.0 |   632
           D:7 |       0 |    1112 |   0.0 |       0 |      15 |   0.0 |  1123
           D:8 |       0 |    2791 |   0.0 |       0 |      18 |   0.0 |  1353
           D:9 |       0 |    2217 |   0.0 |       0 |      38 |   0.0 |  1381
          D:10 |       0 |     101 |   0.0 |       0 |       2 |   0.0 |    27
       Abyss:1 |       0 |      45 |   0.0 |       0 |       1 |   0.0 |    51
               +---------+---------+-------+---------+---------+-------+---------
